 Dungeon Crawl Stone Soup version 0.31-a0-202-g547052bce9 (webtiles) character file.

Game seed: 13372242595416344555

53 qw the Shooter (level 3, 0/20 HPs)
             Began as a Deep Elf Hunter on June 26, 2023.
             Slain by a goblin
             ... wielding a +0 club
              (1 damage)
             ... on level 2 of the Dungeon.
             The game lasted 00:00:26 (881 turns).

qw the Shooter (Deep Elf Hunter)                     Turns: 881, Time: 00:00:26

Health: 0/20       AC:  5    Str: 10    XL:     3   Next: 62%
Magic:  5/5        EV: 11    Int: 13    God:
Gold:   35         SH:  0    Dex: 18    Spells: 2/2 levels left

rFire   . . .        Y - +0 shortbow
rCold   . . .        (shield currently unavailable)
rNeg    . . .        g - +0 ring mail
rPois   .            (no helmet)
rElec   .            (no cloak)
rCorr   .            (no gloves)
SInv    .            (no boots)
Will    .....        (no amulet)
Stlth   +            (no ring)
HPRegen 0.23/turn    (no ring)
MPRegen 0.09/turn

%: no passive effects
@: no status effects
A: no striking features
a: no special abilities


You were on level 2 of the Dungeon.
You visited 1 branch of the dungeon, and saw 2 of its levels.

You collected 35 gold pieces.


   Skills:
 - Level 1.5 Fighting
 + Level 7.1 Ranged Weapons
 - Level 2.4 Dodging
 - Level 1.2 Stealth


You had 2 spell levels left.
You didn't know any spells.
Your spell library was empty.

Inventory:

Hand Weapons
 Y - a +0 shortbow (weapon)
Armour
 g - a +0 ring mail (worn)
Scrolls
 a - a scroll of revelation {unknown}
Potions
 d - a potion of mutation {unknown}
 e - a potion of heal wounds {unknown}
 h - a potion of brilliance {unknown}

Dungeon Overview and Level Annotations

Branches:
Dungeon (2/15)

Altars:

Shops:
D:2 =


Message History

The goblin unwields a +0 sling.
The goblin wields a +0 club.
The goblin completely misses you.
You shoot an arrow. The arrow barely misses the goblin.
The goblin hits you but does no damage.
The endoplasm hits you but does no damage.
The goblin barely misses you.
You shoot an arrow. The arrow closely misses the goblin.
The goblin barely misses you. The endoplasm freezes you.
You are frozen.
The goblin closely misses you.
The endoplasm hits you but does no damage.
The goblin barely misses you.
You shoot an arrow. The arrow hits the goblin!
You kill the goblin!
The goblin hits you with a +0 club.
The endoplasm jiggles.
The endoplasm freezes you.
You are frozen.
The goblin hits you but does no damage.
You shoot an arrow. The arrow hits the endoplasm!
You kill the endoplasm!
The goblin hits you with a +0 club.
You shoot an arrow. The arrow hits the rat.
You kill the rat!
The goblin hits you but does no damage.
You shoot an arrow.
The arrow hits the worm but does no damage.
The goblin hits you but does no damage. The worm bites you but does no damage.
You shoot an arrow. The arrow hits the worm.
The worm is lightly wounded.
The goblin closely misses you. The worm bites you.
You shoot an arrow. The arrow hits the worm.
The worm is lightly wounded.
The goblin hits you but does no damage.
You shoot an arrow. The arrow hits the worm!
The worm is heavily wounded.
The goblin hits you but does no damage. The worm bites you.
You shoot an arrow. The arrow hits the worm!
You kill the worm!
The goblin hits you with a +0 club. x2
You die...

##..........
#...........
####...........
#......>.......
#.##...........
####.##...........
##.....#.........##
#..###...)........#
#)@# #....>.......#
#g%# ##...........#
.(... #...........#
#.##..##
#...........) #
$... #.#..........
..... ####.?.....##
..... ..#.###
.#....# #


You could see a goblin.

Vanquished Creatures
  An adder (D:2)
  A worm (D:2)
  A dart slug (D:1)
  2 bats (D:1)
  6 endoplasms
  A giant cockroach (D:1)
  5 goblins
  4 hobgoblins
  6 kobolds
  2 quokkas
  4 ball pythons
  4 rats
37 creatures vanquished.

Notes
Turn   | Place    | Note
-------+----------+-------------------------------------------
     0 | D:1      | qw the Deep Elf Hunter began the quest for the Orb.
     0 | D:1      | Reached XP level 1. HP: 12/12 MP: 3/3
     0 | D:1      | 0 ||| qw: Version: 0.3-a-22-g0ed2b0b
     0 | D:1      | 0 ||| qw: Game counter: 5789
     0 | D:1      | 0 ||| qw: Melee chars always use a shield: true
     0 | D:1      | 0 ||| qw: God list: Okawaru
     0 | D:1      | 0 ||| qw: Allow faded altars: false
     0 | D:1      | 0 ||| qw: Do Orc after clearing Dungeon:15 true
     0 | D:1      | 0 ||| qw: Do second Lair branch before Depths: true
     0 | D:1      | 0 ||| qw: Lair rune preference: random
     0 | D:1      | 0 ||| qw: Goals: Normal
     0 | D:1      | 0 ||| PLANNING D:1-11
    36 | D:1      | 36 ||| Stepping ~*~*~tactically~*~*~ (outnumbered).
    38 | D:1      | 38 ||| Stepping ~*~*~tactically~*~*~ (outnumbered).
    84 | D:1      | Reached XP level 2. HP: 16/16 MP: 4/4
   113 | D:1      | 113 ||| READING scroll labelled FUKLAL HYKHO.
   121 | D:1      | Reached skill level 6 in Ranged Weapons
   126 | D:1      | HP: 2/16 [kobold/+0 short sword (4)]
   466 | D:1      | Reached XP level 3. HP: 20/20 MP: 5/5
   770 | D:1      | 770 ||| UPGRADING to +0 scale mail.
   780 | D:1      | 780 ||| DROPPING +0 leather armour.
   781 | D:1      | 781 ||| UPGRADING to +0 ring mail.
   791 | D:1      | 791 ||| DROPPING +0 scale mail.
   792 | D:1      | 792 ||| READING scroll labelled AWEUSTRONUTU.
   793 | D:1      | 793 ||| READING scroll labelled LIDAUPLOXY.
   794 | D:1      | 794 ||| DROPPING scroll of butterflies.
   817 | D:2      | Found Waimior's Jewellery Shoppe.
   839 | D:2      | 839 ||| SHOPLISTING +5 ring of evasion (468 gold, have 35).
   839 | D:2      | 839 ||| SHOPLISTING +6 ring of dexterity (468 gold, have
                  | 35).
   839 | D:2      | 839 ||| SHOPLISTING amulet of faith (520 gold, have 35).
   839 | D:2      | 839 ||| SHOPLISTING amulet of reflection (390 gold, have
                  | 35).
   839 | D:2      | 839 ||| SHOPLISTING amulet of regeneration (390 gold, have
                  | 35).
   839 | D:2      | 839 ||| SHOPLISTING ring of poison resistance (260 gold,
                  | have 35).
   839 | D:2      | 839 ||| SHOPLISTING ring of protection from cold (325 gold,
                  | have 35).
   839 | D:2      | 839 ||| SHOPLISTING ring of see invisible (195 gold, have
                  | 35).
   870 | D:2      | Reached skill level 7 in Ranged Weapons
   875 | D:2      | HP: 3/20 [goblin/+0 club (4)]
   880 | D:2      | HP: 1/20 [worm (2)]
   881 | D:2      | Slain by a goblin

Levels and vault maps discovered:
D:1:      minmay_arrival_doors, layout_loops_ring, st_stairs_5,
          serial_bayou_pond_c, minmay_door_square, minmay_misc_feat_square
D:2:      layout_rooms, serial_shops, nicolae_shop_tiny_statue_garden,
          dreamdust_ecumenical_altar_drowned_temple, minivault_25,
          dreamdust_mushroom_princess, kennysheep_generic_room_5

Skill      XL: |  1  2  3 |
---------------+----------+-----
Ranged Weapons | 6 7 |  7.1
Fighting       | |  1.5
Dodging        | |  2.4
Stealth        | |  1.2

Action                     || total
---------------------------++-------
   Fire: Shortbow          ||    86
    Use: Scroll            ||     3
 Armour: Leather armour    ||     9
         Ring mail         ||    15
  Dodge: Dodged            ||    26

Table legend:
 A = Non-vault XP
 B = Vault XP
 C = Vault XP percentage of total XP
 D = Non-vault monster count
 E = Vault monster count
 F = Vault count percentage of total count
                 A         B        C        D         E       F
            +---------+---------+-------+---------+---------+-------
      Total |      73 |       8 |   9.9 |      33 |       4 |  10.8
            +---------+---------+-------+---------+---------+-------
        D:1 |      41 |       6 |  12.8 |      23 |       3 |  11.5
        D:2 |      32 |       2 |   5.9 |      10 |       1 |   9.1
            +---------+---------+-------+---------+---------+-------
